AoeStats
← BetzeGunner

Pilgrims

509962232Analyzed
2v2 RM · 2d ago on Sep 28, 2026· 40m 48s· 4 players
Game mode
Random Map
Map size
Medium (4 player)
Population
200
Speed
Normal
Resources
Standard
Victory
Conquest
Starting age
Dark Age
Ending age
Imperial Age
RankedLock teamsTeams togetherTeam positionsShared explorationLock speedFull tech treeHidden civsTurbo modeCheats
Victory
Defeat
🇺🇸 Berbers · United States
998
+14
🇺🇸 Italians · United States
997
+14
🇩🇪 Hindustanis · Germany
960
-14
🇩🇪 Vietnamese · Germany
960
-14
BetzeGunner
9:55 Loom
14:16 Feudal Age
15:57 Fishing Lines
17:31 Bloodlines
22:13 Castle Age
22:57 Husbandry
24:27 Wheelbarrow
25:15 Forging
25:12 Scale Barding Armor
31:52 Double-Bit Axe
31:50 Horse Collar
papaploufdansleau
3:14 Loom
13:38 Feudal Age
15:35 Town Watch
18:33 Castle Age
17:30 Fletching
24:12 Crossbowman
nkls1
8:56 Loom
11:52 Feudal Age
14:18 Fishing Lines
15:41 Double-Bit Axe
19:00 Castle Age
21:23 Fletching
21:34 Padded Archer Armor
21:12 Crossbowman
23:45 Bodkin Arrow
25:31 Wheelbarrow
24:52 Elite Skirmisher
28:20 Bow Saw
31:29 Leather Archer Armor
32:48 Light Cavalry
33:39 Bloodlines
33:30 Husbandry
34:54 Scale Barding Armor
34:59 Forging
40:10 Chain Barding Armor
40:26 Iron Casting
VELO_Mayhem
3:22 Loom
11:00 Feudal Age
12:30 Man-at-Arms
14:30 Double-Bit Axe
18:17 Wheelbarrow
17:27 Town Watch
21:16 Castle Age
21:22 Elite Skirmisher
21:55 Fletching
25:59 Bow Saw
25:30 Horse Collar
25:34 Fishing Lines
26:09 Bodkin Arrow
26:18 Gold Mining
28:36 Pikeman
29:18 Scale Mail Armor
34:06 Gillnets
37:06 Imperial Age
35:08 Chain Mail Armor
36:03 Bloodlines
39:50 Plate Mail Armor
39:36 Heavy Camel Rider
40:37 Stone Mining
Connection lost

Rejoining the realm…

Still unreachable

The connection could not be restored.

Session expired

The server has moved on; the page needs a fresh start.